 Dungeon Sprint DCSS version 0.20.0-15-g7f486f2 (webtiles) character file.

4449 Snowbourne the Ninja (level 10, -12/44 HPs)
             Began as a Spriggan Artificer on June 27, 2017.
             Was an Initiate of Nemelex Xobeh.
             Mangled by a wyvern (18 damage)
             ... summoned by the player character
             ... in the Dungeon (Sprint I: "Red Sonja").
             The game lasted 00:04:10 (502 turns).

Snowbourne the Ninja (Spriggan Artificer)            Turns: 502, Time: 00:04:10

Health: -12/44     AC:  2    Str:  8    XL:     10   Next: 15%
Magic:  17/17      EV: 26    Int: 13    God:    Nemelex Xobeh [......]
Gold:   397        SH:  0    Dex: 20    Spells: 9/9 levels left

rFire    . . .     SeeInvis +   m - +2 short sword (venom)
rCold    . . .     Gourm    .   (shield restricted)
rNeg     . . .     Faith    .   b - +0 robe
rPois    .         Spirit   .   (helmet restricted)
rElec    .         Reflect  .   (no cloak)
rCorr    .         Harm     .   (gloves unavailable)
MR       +....     NoTele   +   (boots unavailable)
Stlth    +++++++++.             (no amulet)
Regen    0.2/turn               (no ring)
MPRegen  0.2/turn               (no ring)

@: very quick
A: unfitting armour, see invisible, herbivore 3, speed 3, slow metabolism 2
a: Renounce Religion


You were in the Dungeon.
You worshipped Nemelex Xobeh.
Nemelex Xobeh was noncommittal.
You were not hungry.

You visited 1 branch You collected 429 gold pieces.
You donated 32 gold pieces to Zin.

Inventory:

Hand Weapons
 a - a +0 short sword
 m - a +2 short sword of venom (weapon)
Armour
 b - a +0 robe (worn)
Wands
 c - a wand of flame (15/48)
 d - a wand of enslavement (14/24)
 e - a wand of random effects (15/48)
 k - a wand of random effects (24/48)
Scrolls
 l - a scroll of blinking
Potions
 g - a potion of curing
 h - a potion of heal wounds
 i - a potion of haste
 j - 2 potions of magic
Miscellaneous
 n - a plain deck of summoning {drawn: 1}
Comestibles
 f - a bread ration


   Skills:
 - Level 0.7 Fighting
 + Level 6.7 Short Blades
 + Level 9.2 Dodging
 O Level 27 Stealth
 + Level 6.0 Invocations
 + Level 9.1 Evocations


You had 9 spell levels left.
You didn't know any spells.

Dungeon Overview and Level Annotations

Branches:
Dungeon (1/1)

Altars:
Cheibriados
Dithmenos
Elyvilon
Fedhas
Gozag
Hepliaklqana
Kikubaaqudgha
Nemelex Xobeh
Okawaru
Qazlal
Ru
Sif Muna
Trog
Uskayaw
Vehumet
Yredelemnul
Zin
The Shining One

Shops:
D %(!(?(


Innate Abilities, Weirdness & Mutations

You are very small and have problems with some larger weapons.
You are too small for most types of armour.
You have supernaturally acute eyesight. (SInv)
You are a herbivore.
You cover ground extremely quickly.
You need consume almost no food.


Message History

There's a thick-headed creature in the gateway!
You close the huge gate.
You start resting.
Evoke which item? (* to show all) (? for menu, Esc to quit)
Aiming: Enslavement
Press: ? - help, Shift-Dir - straight line, f - deep troll
Aim: a deep troll (chance to defeat MR: 53%)
The deep troll resists with significant effort.
This wand has 14 charges left.
The wyvern barely misses you.
You hit the wyvern.
The wyvern is severely wounded.
The wyvern completely misses you.
You hit the wyvern but do no damage.
The wyvern is poisoned.
The wyvern is severely wounded.
The deep troll misses you. The deep troll claws you! x2
* * * LOW HITPOINT WARNING * * *
The wyvern misses you. The wyvern bites you!!
You die...
Your body disappears without a glow.

#.....T.####.##
#........# #+#
#..#.....#
#........#
#.....#..#
#........#
#..#.....#
#........#
###'@lT###
#∩......∩#
#........#
#∩......∩#
##########


You could see a deep troll and a wyvern.

Vanquished Creatures
  Sonja (D)
  8 shining eyes (D)
  Sigmund (D)
  A yak (D)
  4 floating eyes (D)
  An ogre (D)
  A jelly (D)
  Ijyb (D)
18 creatures vanquished.

Notes
Turn   | Place    | Note
-------+----------+-------------------------------------------
     0 | D        | Snowbourne the Spriggan Artificer began the quest for the Orb.
     0 | D        | Reached XP level 1. HP: 9/9 MP: 4/4
     2 | D        | Noticed Ijyb
     9 | D        | Killed Ijyb
     9 | D        | Reached skill level 9 in Stealth
     9 | D        | Reached XP level 2. HP: 14/14 MP: 6/6
   101 | D        | Noticed an ogre
   104 | D        | Killed an ogre
   104 | D        | Reached skill level 13 in Stealth
   104 | D        | Reached XP level 3. HP: 17/17 MP: 7/7
   104 | D        | Reached XP level 4. HP: 21/21 MP: 8/8
   216 | D        | Noticed Sigmund
   218 | D        | Killed Sigmund
   218 | D        | Reached skill level 17 in Stealth
   218 | D        | Reached XP level 5. HP: 25/25 MP: 9/9
   230 | D        | Found a deep blue altar of Sif Muna.
   232 | D        | Found a radiant altar of Vehumet.
   236 | D        | Reached skill level 18 in Stealth
   236 | D        | Reached XP level 6. HP: 29/29 MP: 10/10
   263 | D        | Found Gaamu's Weapon Emporium.
   263 | D        | Found an ancient bone altar of Kikubaaqudgha.
   263 | D        | Found a hazy altar of Hepliaklqana.
   263 | D        | Found a hide-covered altar of Uskayaw.
   263 | D        | Found a basalt altar of Yredelemnul.
   263 | D        | Found an opulent altar of Gozag.
   263 | D        | Found a snail-covered altar of Cheibriados.
   263 | D        | Found a sacrificial altar of Ru.
   263 | D        | Found a shadowy altar of Dithmenos.
   263 | D        | Noticed a yak
   264 | D        | Found a stormy altar of Qazlal.
   264 | D        | Found a blossoming altar of Fedhas.
   264 | D        | Found a bloodstained altar of Trog.
   264 | D        | Found an iron altar of Okawaru.
   264 | D        | Found a glowing golden altar of the Shining One.
   264 | D        | Found a glowing silver altar of Zin.
   264 | D        | Found a white marble altar of Elyvilon.
   265 | D        | Killed a yak
   265 | D        | Reached skill level 19 in Stealth
   266 | D        | Found a sparkling altar of Nemelex Xobeh.
   273 | D        | Became a worshipper of Zin the Law-Giver
   273 | D        | Reached * piety under Zin
   273 | D        | Reached ** piety under Zin
   273 | D        | Reached *** piety under Zin
   273 | D        | Reached **** piety under Zin
   273 | D        | Reached ***** piety under Zin
   273 | D        | Reached ****** piety under Zin
   282 | D        | Noticed Sonja
   286 | D        | Killed Sonja
   286 | D        | Reached skill level 23 in Stealth
   286 | D        | Reached XP level 7. HP: 32/32 MP: 11/11
   302 | D        | Found Dituanamp's Food Boutique.
   312 | D        | Noticed a shining eye
   312 | D        | Noticed a shining eye
   312 | D        | Noticed a shining eye
   312 | D        | Noticed a shining eye
   312 | D        | Noticed a shining eye
   312 | D        | Noticed a shining eye
   314 | D        | Reached XP level 8. HP: 37/37 MP: 12/12
   315 | D        | Noticed a shining eye
   315 | D        | Noticed a shining eye
   316 | D        | Killed a shining eye
   316 | D        | Reached skill level 25 in Stealth
   319 | D        | Killed a shining eye
   319 | D        | Reached skill level 26 in Stealth
   321 | D        | Reached XP level 9. HP: 40/40 MP: 13/13
   321 | D        | Paralysed by a floating eye for 4 turns
   326 | D        | Killed a shining eye
   326 | D        | Reached skill level 27 in Stealth
   326 | D        | Reached skill level 1 in Invocations
   329 | D        | Killed a shining eye
   329 | D        | Reached skill level 5 in Dodging
   335 | D        | Killed a shining eye
   336 | D        | Paralysed by a floating eye for 2 turns
   348 | D        | Paralysed by a floating eye for 3 turns
   356 | D        | Killed a shining eye
   356 | D        | Reached skill level 5 in Short Blades
   357 | D        | Paralysed by a floating eye for 2 turns
   377 | D        | Killed a shining eye
   377 | D        | Reached skill level 5 in Invocations
   377 | D        | Reached XP level 10. HP: 44/44 MP: 17/17
   392 | D        | Killed a shining eye
   413 | D        | Fell from the grace of Zin
   413 | D        | Became a worshipper of Nemelex Xobeh the Trickster
   435 | D        | Received a gift from Nemelex Xobeh
   435 | D        | Found Fisyulin's Magic Scroll Shop.
   435 | D        | Found Gyjyivy's Antique Weapon Shoppe.
   435 | D        | Found Wacesein's Weapon Boutique.
   435 | D        | Found Tuepouqy's Distillery.
   469 | D        | Noticed a deep troll
   502 | D        | Mangled by a wyvern

Skill      XL: |  1  2  3  4  5  6  7  8  9 10 |
---------------+-------------------------------+-----
Stealth        | 9 13 17 18 23 26 27 | 27.0
Short Blades   | 6 |  6.7
Invocations    | 5 6 |  6.0
Dodging        | 8 9 |  9.2
Evocations     | 8 9 |  9.1
Fighting       | |  0.7

Action                   |  1- 3 |  4- 6 |  7- 9 | 10-12 || total
-------------------------+-------+-------+-------+-------++-------
Melee: Short sword       |     7 |     4 |    39 |    19 ||    69
Evoke: Wand              |       |       |       |     1 ||     1
       Deck              |       |       |       |     1 ||     1
  Use: Potion            |     1 |       |       |       ||     1
 Stab: Sleeping          |     1 |     4 |     8 |       ||    13
Armor: Robe              |     1 |       |       |       ||     1
Dodge: Dodged            |     3 |       |       |     7 ||    10
